 Dungeon Crawl Stone Soup version 0.31-a0-221-gbddc013574 (webtiles) character file.

Game seed: 2601781871049382854

28 qw the Shooter (level 3, 0/21 HPs)
             Began as a Gargoyle Hexslinger on July 4, 2023.
             Slain by a hobgoblin (4 damage)
             ... on level 2 of the Dungeon.
             The game lasted 00:00:18 (1220 turns).

qw the Shooter (Gargoyle Hexslinger)                Turns: 1220, Time: 00:00:18

Health: 0/21       AC:  5    Str: 11    XL:     3   Next: 14%
Magic:  4/4        EV: 12    Int: 13    God:
Gold:   696        SH:  0    Dex: 14    Spells: 3/4 levels left

rFire   . . .        Y - +1 sling
rCold   . . .        (no shield)
rNeg    + . .        c - +0 robe
rPois   inf          (no helmet)
rElec   +            (no cloak)
rCorr   .            (no gloves)
SInv    .            (no boots)
Will    .....        (no amulet)
Stlth   +            (no ring)
HPRegen 0.23/turn    (no ring)
MPRegen 0.09/turn

%: no passive effects
@: no status effects
A: sickness immunity, AC +3, negative energy resistance 1, electricity
resistance, torment resistance 1, petrification resistance
a: no special abilities


You were on level 2 of the Dungeon.
You visited 1 branch of the dungeon, and saw 2 of its levels.

You collected 696 gold pieces.


Innate Abilities, Weirdness & Mutations

You are immune to sickness and miasma.
Your stone body is resilient. (AC +3)
You are immune to poison.
You resist negative energy. (rN+)
You are resistant to electric shocks. (rElec)
You are resistant to unholy torment.
You are immune to petrification.


   Skills:
 - Level 2.0 Fighting
 + Level 3.1 Ranged Weapons
 - Level 1.5 Dodging
 - Level 1.0 Spellcasting
 - Level 2.6 Hexes


You had 3 spell levels left.
You knew the following spells:

 Your Spells              Type           Power      Damage    Failure   Level
a - Slow                  Hex            28%        N/A       10%         1

Your spell library contained the following spells:

 Spells                   Type           Power      Damage    Failure   Level
 Inner Flame              Hex/Fire       4%         N/A       43%         3
 Portal Projectile        Hex/Tloc       8%         N/A       43%         3
 Cause Fear               Hex            3%         N/A       67%         4

Inventory:

Hand Weapons
 Y - a +1 sling (weapon)
Armour
 a - a +0 pair of boots
 b - a +0 leather armour
 c - a +0 robe (worn)
Scrolls
 d - a scroll of immolation {unknown}
 h - a scroll of enchant weapon {unknown}
Potions
 e - 2 potions of curing
 f - a potion of lignification {unknown}
 g - a potion of invisibility {unknown}

Dungeon Overview and Level Annotations

Branches:
Dungeon (2/15)

Altars:


Message History

The hobgoblin hits you but does no damage.
The goblin misses you.
You shoot a sling bullet.
The sling bullet barely misses the goblin.
The hobgoblin hits you. The goblin barely misses you.
You shoot a sling bullet. The sling bullet hits the goblin.
The goblin is severely wounded.
The hobgoblin hits you. The goblin barely misses you.
A goblin comes into view. It is wielding a +0 dagger.
The goblin closely misses you. The hobgoblin misses you.
The goblin moves out of view.
You shoot a sling bullet.
The sling bullet barely misses the goblin.
The hobgoblin barely misses you. The goblin hits you with a +0 club.
You shoot a sling bullet.
The sling bullet barely misses the goblin.
The hobgoblin closely misses you. The goblin hits you with a +0 club.
You shoot a sling bullet. The sling bullet hits the goblin!
You kill the goblin!
The hobgoblin barely misses you.
You shoot a sling bullet. The sling bullet hits the goblin.
The goblin is moderately wounded.
The goblin closely misses you. The hobgoblin hits you. x2
The goblin closely misses you.
You shoot a sling bullet. The sling bullet hits the goblin.
The goblin is severely wounded.
The goblin closely misses you. The hobgoblin closely misses you.
You shoot a sling bullet.
The sling bullet barely misses the goblin.
The goblin closely misses you. The hobgoblin barely misses you.
You shoot a sling bullet. The sling bullet hits the goblin.
You kill the goblin!
The hobgoblin closely misses you.
You shoot a sling bullet. The sling bullet hits the goblin.
You kill the goblin!
The hobgoblin barely misses you.
You shoot a sling bullet. The sling bullet hits the goblin.
You kill the goblin!
The hobgoblin hits you.
You die...

.## ##.# #.# ..#
## #.# ##.# #.#
#.# #.## ## #..#
########.#
#######.. ..##.#
...)..)g###.##.#
#@.##.##.#
##.##.##.#
#........#
#.....####
#######


You could see a hobgoblin.

Vanquished Creatures
  3 endoplasms
  2 giant cockroaches
  10 goblins
  2 hobgoblins
  A kobold (D:1)
  2 ball pythons (D:1)
  2 bats (D:1)
  A frilled lizard (D:1)
  A rat (D:2)
24 creatures vanquished.

Notes
Turn   | Place    | Note
-------+----------+-------------------------------------------
     0 | D:1      | qw the Gargoyle Hexslinger began the quest for the Orb.
     0 | D:1      | Reached XP level 1. HP: 12/12 MP: 2/2
     0 | D:1      | 0 ||| qw: Version: 0.3-a-40-ge99b1a8
     0 | D:1      | 0 ||| qw: Game counter: 642
     0 | D:1      | 0 ||| qw: Melee chars always use a shield: true
     0 | D:1      | 0 ||| qw: God list: Okawaru
     0 | D:1      | 0 ||| qw: Allow faded altars: false
     0 | D:1      | 0 ||| qw: Do Orc after clearing Dungeon:15 true
     0 | D:1      | 0 ||| qw: Do second Lair branch before Depths: true
     0 | D:1      | 0 ||| qw: Lair rune preference: random
     0 | D:1      | 0 ||| qw: Goals: Normal
     0 | D:1      | 0 ||| PLANNING D:1-11
   277 | D:1      | Found a faded altar of an unknown god.
   532 | D:1      | Reached XP level 2. HP: 16/16 MP: 3/3
   920 | D:1      | 920 ||| READING scroll labelled JICAELL XUFRACK.
   924 | D:1      | 924 ||| READING scroll labelled BIXUETAOPRI.
   925 | D:1      | 925 ||| READING scroll labelled XIHI CIJAAJEFA.
   925 | D:1      | Identified a scroll of acquirement
   925 | D:1      | 925 ||| ACQUIRING 604 gold pieces
   925 | D:1      | Acquired 604 gold pieces
   927 | D:1      | 927 ||| DRINKING 3 ruby potions.
   928 | D:1      | 928 ||| DROPPING scroll of poison.
  1041 | D:2      | Reached skill level 3 in Ranged Weapons
  1207 | D:2      | Reached XP level 3. HP: 21/21 MP: 4/4
  1215 | D:2      | HP: 3/21 [hobgoblin (4)]
  1220 | D:2      | Slain by a hobgoblin

Levels and vault maps discovered:
D:1:      dpeg_arrival_leaves_temple_mockup, layout_loops_corners,
          hellmonk_ecumenical_altar_crossroads, chequers_serial_rivers_small_b,
          minivault_5
D:2:      layout_loops_cross, serial_shops, shop, minmay_goblin_outpost

Skill      XL: |  1  2 |
---------------+-------+-----
Ranged Weapons | 3 |  3.1
Fighting       | 2 |  2.0
Dodging        | |  1.5
Spellcasting   | |  1.0
Hexes          | |  2.6

Action                     || total
---------------------------++-------
   Fire: Sling             ||    69
    Use: Scroll            ||     3
         Potion            ||     1
 Armour: Robe              ||     9
  Dodge: Dodged            ||    44

Table legend:
 A = Non-vault XP
 B = Vault XP
 C = Vault XP percentage of total XP
 D = Non-vault monster count
 E = Vault monster count
 F = Vault count percentage of total count
                 A         B        C        D         E       F
            +---------+---------+-------+---------+---------+-------
      Total |      26 |      17 |  39.5 |      15 |       9 |  37.5
            +---------+---------+-------+---------+---------+-------
        D:1 |      17 |       0 |   0.0 |      10 |       0 |   0.0
        D:2 |       9 |      17 |  65.4 |       5 |       9 |  64.3
            +---------+---------+-------+---------+---------+-------
